 Dungeon Crawl Stone Soup version 0.31-a0-233-g139696dc86 (webtiles) character file.

Game seed: 14642479057350235587

135 qw the Shooter (level 5, -3/30 HPs)
             Began as a Gargoyle Hexslinger on July 8, 2023.
             Shot with an arrow by a centaur (6 damage)
             ... on level 5 of the Dungeon.
             The game lasted 00:00:50 (1839 turns).

qw the Shooter (Gargoyle Hexslinger)                Turns: 1839, Time: 00:00:50

Health: -3/30      AC:  9    Str: 12    XL:     5   Next: 18%
Magic:  6/6        EV: 11    Int: 13    God:
Gold:   136        SH:  0    Dex: 14    Spells: 5/6 levels left

rFire   . . .        Y - +2 sling
rCold   . . .        (no shield)
rNeg    + . .        i - +0 leather armour
rPois   inf          m - +1 helmet
rElec   +            (no cloak)
rCorr   .            (no gloves)
SInv    .            (no boots)
Will    .....        (no amulet)
Stlth   +            (no ring)
HPRegen 0.25/turn    (no ring)
MPRegen 0.10/turn

%: no passive effects
@: no status effects
A: sickness immunity, AC +4, negative energy resistance 1, electricity
resistance, torment resistance 1, petrification resistance
a: no special abilities


You were on level 5 of the Dungeon.
You visited 1 branch of the dungeon, and saw 4 of its levels.

You collected 136 gold pieces.


Innate Abilities, Weirdness & Mutations

You are immune to sickness and miasma.
Your stone body is resilient. (AC +4)
You are immune to poison.
You resist negative energy. (rN+)
You are resistant to electric shocks. (rElec)
You are resistant to unholy torment.
You are immune to petrification.


   Skills:
 - Level 2.2 Fighting
 + Level 4.8 Ranged Weapons
 - Level 1.5 Dodging
 - Level 1.0 Spellcasting
 - Level 2.6 Hexes


You had 5 spell levels left.
You knew the following spells:

 Your Spells              Type           Power      Damage    Failure   Level
a - Slow                  Hex            28%        N/A       12%         1

Your spell library contained the following spells:

 Spells                   Type           Power      Damage    Failure   Level
 Inner Flame              Hex/Fire       4%         N/A       52%         3
 Portal Projectile        Hex/Tloc       8%         N/A       52%         3
 Cause Fear               Hex            3%         N/A       75%         4

Inventory:

Hand Weapons
 Y - a +2 sling (weapon)
Armour
 i - a +0 leather armour (worn)
 m - a +1 helmet (worn)
Scrolls
 d - a scroll of identify
 f - 4 scrolls of teleportation
Potions
 b - a potion of haste {unknown}
 e - a potion of enlightenment {unknown}
 h - a potion of might {unknown}
 j - a potion of heal wounds
 k - a potion of resistance {unknown}

Dungeon Overview and Level Annotations

Branches:
Dungeon (3/15)

Altars:
Wu Jian

Annotations:
D:2 1 runed translucent door, Crazy Yiuf


Message History

The orc closely misses you.
1831 ||| DRINKING 2 potions of heal wounds.
You feel much better. The orc hits you but does no damage.
You shoot a sling bullet.
The sling bullet hits the orc but does no damage.
The orc hits you but does no damage.
You shoot a sling bullet.
The sling bullet hits the orc but does no damage.
Your surroundings suddenly seem different.
A centaur comes into view.
Found 14 gold pieces.
You shoot a sling bullet. The sling bullet hits the centaur.
The centaur shouts!
The centaur is lightly wounded.
The centaur wields a +0 shortbow.
The centaur shoots an arrow.
The arrow hits you!
You shoot a sling bullet.
The sling bullet barely misses the orc priest.
The centaur shoots an arrow.
The arrow hits you but does no damage.
The orc priest miscasts a cantrip.
You shoot a sling bullet. The sling bullet hits the centaur.
The centaur is moderately wounded.
The centaur shoots an arrow.
The arrow hits you but does no damage.
You shoot a sling bullet. The sling bullet hits the orc priest.
The orc priest is lightly wounded.
The centaur shoots an arrow.
The arrow completely misses you.
The arrow closely misses the orc priest.
You shoot a sling bullet. The sling bullet hits the orc priest.
The orc priest is lightly wounded.
The centaur shoots an arrow.
The arrow hits you.
The centaur shoots an arrow.
The arrow hits you!
The orc priest invokes the aid of Beogh against you.
You are unaffected.
You shoot a sling bullet. The sling bullet hits the orc priest.
The orc priest is heavily wounded.
The centaur shoots an arrow.
The arrow hits you!
The orc priest hits you but does no damage.
The centaur shoots an arrow.
The arrow hits you.
You die...

#.#### #.# #.#
#.# #o# # #)#
#.#######.#
####..$.o....#
.....c.@o....#
############.#
#.#


You could see a centaur, an orc priest and an orc.

Vanquished Creatures
  A howler monkey (D:5)
  Robin (D:2)
  3 adders (D:2)
  A dart slug (D:2)
  6 orcs (D:5)
  2 endoplasms
  A giant cockroach (D:1)
  7 goblins
  6 hobgoblins
  2 jackals (D:1)
  3 kobolds
  A quokka (D:5)
  5 ball pythons
  6 bats
  2 frilled lizards
  6 rats
53 creatures vanquished.

Notes
Turn   | Place    | Note
-------+----------+-------------------------------------------
     0 | D:1      | qw the Gargoyle Hexslinger began the quest for the Orb.
     0 | D:1      | Reached XP level 1. HP: 12/12 MP: 2/2
     0 | D:1      | 0 ||| qw: Version: 0.3-a-46-gb1f654a
     0 | D:1      | 0 ||| qw: Game counter: 3688
     0 | D:1      | 0 ||| qw: Melee chars always use a shield: true
     0 | D:1      | 0 ||| qw: God list: Okawaru
     0 | D:1      | 0 ||| qw: Allow faded altars: false
     0 | D:1      | 0 ||| qw: Do Orc after clearing Dungeon:15 true
     0 | D:1      | 0 ||| qw: Do second Lair branch before Depths: true
     0 | D:1      | 0 ||| qw: Lair rune preference: random
     0 | D:1      | 0 ||| qw: Goals: Normal
     0 | D:1      | 0 ||| PLANNING D:1-11
   124 | D:1      | Reached XP level 2. HP: 16/16 MP: 3/3
   315 | D:1      | Reached skill level 3 in Ranged Weapons
   569 | D:1      | 569 ||| UPGRADING to +0 leather armour.
   579 | D:1      | 579 ||| DROPPING +0 robe.
   580 | D:1      | 580 ||| READING scroll labelled QUAMEKHY QEAQO.
   581 | D:1      | 581 ||| READING scroll labelled VIKUBOKKIW.
   585 | D:1      | 585 ||| READING scroll labelled RIZAUNKAKEBO.
   586 | D:1      | 586 ||| READING 2 scrolls labelled LEICUE HASE.
   587 | D:1      | 587 ||| DRINKING 3 sedimented amethyst potions.
   588 | D:1      | 588 ||| DROPPING scroll of poison.
   710 | D:2      | Reached XP level 3. HP: 16/21 MP: 4/4
  1035 | D:2      | Found a runed translucent door.
  1036 | D:2      | Noticed Crazy Yiuf
  1092 | D:2      | Reached XP level 4. HP: 26/26 MP: 5/5
  1401 | D:2      | Noticed Robin
  1412 | D:2      | Killed Robin
  1413 | D:2      | Reached skill level 4 in Ranged Weapons
  1431 | D:2      | Found an ornate altar of the Wu Jian Council.
  1621 | D:2      | 1621 ||| UPGRADING to +0 helmet.
  1626 | D:2      | 1626 ||| READING scroll of enchant armour.
  1626 | D:2      | 1626 ||| ENCHANTING +0 helmet.
  1627 | D:2      | 1627 ||| READING 2 scrolls labelled ARUL BODDIPOXI.
  1628 | D:2      | 1628 ||| READING scroll labelled INTIWK NEPN.
  1629 | D:2      | 1629 ||| READING 2 scrolls labelled XOIGEPEOLA.
  1630 | D:2      | 1630 ||| READING scroll labelled DULUCUNWAI.
  1631 | D:2      | 1631 ||| DROPPING scroll of revelation.
  1671 | D:3      | You fall into a shaft and drop 2 floors!
  1671 | D:5      | Entered Level 5 of the Dungeon
  1699 | D:5      | Reached XP level 5. HP: 27/30 MP: 6/6
  1829 | D:5      | HP: 7/30 [orc/+0 mace of holy wrath (7)]
  1830 | D:5      | 1830 ||| READING 5 scrolls of teleportation.
  1831 | D:5      | 1831 ||| DRINKING 2 potions of heal wounds.
  1833 | D:5      | Noticed a centaur
  1839 | D:5      | HP: 3/30 [centaur/arrow (8)]
  1839 | D:5      | Shot with an arrow by a centaur

Levels and vault maps discovered:
D:1:      saegor_arrival_under_anarchy, layout_basic
D:2:      layout_basic, basic_altar, grunt_ministairs_11, uniq_robin,
          uniq_crazy_yiuf_cottage
D:3:      layout_basic, serial_corexii_hall, corexii_hall_statues_i,
          corexii_hall_statues_deadend, hangedman_decor_slide_cut
D:5:      layout_loops_ring, vehumet_crystals, minmay_temple_entry_poolview,
          minmay_misc_feat_room

Skill      XL: |  1  2  3  4 |
---------------+-------------+-----
Ranged Weapons | 3 4 |  4.8
Fighting       | 2 |  2.2
Dodging        | |  1.5
Spellcasting   | |  1.0
Hexes          | |  2.6

Action                     |  1- 3 |  4- 6 || total
---------------------------+-------+-------++-------
   Fire: Sling             |   109 |    89 ||   198
    Use: Scroll            |     4 |     6 ||    10
         Potion            |     1 |     1 ||     2
 Armour: Leather armour    |    23 |    18 ||    41
         Robe              |     1 |       ||     1
  Dodge: Dodged            |    33 |    32 ||    65

Table legend:
 A = Non-vault XP
 B = Vault XP
 C = Vault XP percentage of total XP
 D = Non-vault monster count
 E = Vault monster count
 F = Vault count percentage of total count
                 A         B        C        D         E       F
            +---------+---------+-------+---------+---------+-------
      Total |     151 |      42 |  21.8 |      43 |      10 |  18.9
            +---------+---------+-------+---------+---------+-------
        D:1 |      25 |       0 |   0.0 |      16 |       0 |   0.0
        D:2 |      55 |      42 |  43.3 |      19 |      10 |  34.5
        D:5 |      71 |       0 |   0.0 |       8 |       0 |   0.0
            +---------+---------+-------+---------+---------+-------
